 Dungeon Crawl Stone Soup version 0.18.1-50-g88ac8fd (webtiles) character file.

219 magog001 the Shield-Bearer (level 5, -3/47 HPs)
             Began as a Minotaur Fighter on Feb 22, 2017.
             Slain by an ogre
             ... wielding a +0 giant club
              (11 damage)
             ... on level 4 of the Dungeon.
             The game lasted 00:15:03 (3012 turns).

magog001 the Shield-Bearer (Minotaur Fighter)       Turns: 3012, Time: 00:15:04

Health: -3/47      AC:  7    Str: 21    XL:     5   Next: 63%
Magic:  4/4        EV:  8    Int:  5    God:
Gold:   220        SH: 10    Dex: 10    Spells: 0 memorised, 4 levels left

rFire  . . .     SeeInvis .     s - +2 war axe (flame)
rCold  . . .     Gourm    .     b - +0 scale mail
rNeg   . . .     Faith    +     c - +0 shield
rPois  .         Spirit   .     (helmet restricted)
rElec  .         Dismiss  .     (no cloak)
rCorr  .         Reflect  .     (no gloves)
SustAt .         Harm     .     (no boots)
MR     .....                    h - amulet of faith
Stlth  ..........               (no ring)
                                (no ring)

@: not resistant to hostile enchantments, extremely unstealthy
A: retaliatory headbutt, horns 2
a: no special abilities


You were on level 4 of the Dungeon.
You were not hungry.

You visited 1 branch of the dungeon, and saw 4 of its levels.

You collected 220 gold pieces.

Inventory:

Hand Weapons
 s - a +2 war axe of flaming (weapon)
Missiles
 g - 49 sling bullets
 m - 140 stones (quivered)
Armour
 b - a +0 scale mail (worn)
 c - a +0 shield (worn)
Jewellery
 h - an amulet of faith (around neck)
Scrolls
 e - 3 scrolls of remove curse
 i - 2 scrolls of teleportation
 l - a scroll of identify
 n - a scroll of enchant armour
 q - a scroll of fog {unknown}
Potions
 d - a potion of might
 j - a potion of agility
 o - 2 potions of curing
 p - a potion of brilliance
Comestibles
 a - 2 chunks of flesh
 f - 2 bread rations
 r - a slice of pizza


   Skills:
 * Level 4.4 Fighting
 + Level 3.7 Axes
 + Level 0.8 Throwing
 + Level 4.8 Armour
 + Level 2.0 Dodging
 + Level 0.1 Stealth
 + Level 4.9 Shields


You had 4 spell levels left.
You didn't know any spells.

Dungeon Overview and Level Annotations

Branches:
Dungeon (4/15)
 Temple: D:4-7

Altars:
Gozag
The Shining One


Innate Abilities, Weirdness & Mutations

You reflexively headbutt those who attack you in melee.
You have a pair of horns on your head.


Message History

The ogre hits you with a giant spiked club!
You closely miss the worker ant.
The worker ant is severely wounded.
You slash the ogre! You burn the ogre.
The ogre is heavily wounded.
The worker ant closely misses you.
The worker ant bites you but does no damage.
You barely miss the ogre.
The ogre is heavily wounded.
You hit the worker ant. You burn the worker ant.
You kill the worker ant!
Your Dodging skill increases to level 2!
The ogre hits you with a giant spiked club!
* * * LOW HITPOINT WARNING * * *
You slash the ogre! You burn the ogre!
The ogre is severely wounded.
You hit the ogre. You burn the ogre.
The ogre is heavily wounded.
The ogre hits you with a giant club!
You die...

.........####
##.##...........#
............#
#..#.......###.#
............#
##.##+#......#
............# #.##.#..###.#
............# #..#.#..<...#
............# ##.#.#..#####
............# #...#...
............######
##..##.##
............##.O@# #..##.#
............##..O####..##.#
............#.............#
######....###..!..........#
###### #.............##
##########.....# #..#..#
##Z#..####+ #.O........


You could see 2 ogres.

Vanquished Creatures
  An orc priest (D:3)
  An orc wizard (D:3)
  An iguana (D:4)
  A worker ant (D:4)
  A hound skeleton (D:4)
  4 adders
  A worm (D:3)
  A dart slug (D:1)
  2 giant geckos (D:3)
  4 orcs (D:3)
  4 giant cockroaches (D:1)
  2 goblins (D:1)
  8 hobgoblins
  3 quokkas
  8 bats
  3 giant newts
  8 kobolds
  7 rats
60 creatures vanquished.

Notes
Turn   | Place    | Note
--------------------------------------------------------------
     0 | D:1      | magog001 the Minotaur Fighter began the quest for the Orb.
     0 | D:1      | Reached XP level 1. HP: 19/19 MP: 0/0
   340 | D:1      | Reached XP level 2. HP: 27/27 MP: 1/1
   942 | D:2      | Reached XP level 3. HP: 32/33 MP: 2/2
  1368 | D:2      | Reached skill level 1 in Dodging
  1377 | D:2      | Found a glowing golden altar of the Shining One.
  1993 | D:3      | Reached XP level 4. HP: 40/40 MP: 3/3
  2105 | D:3      | Reached XP level 5. HP: 16/46 MP: 4/4
  2862 | D:4      | Found an opulent altar of Gozag.
  2987 | D:4      | Noticed an ogre
  2988 | D:4      | Noticed an ogre
  3012 | D:4      | Slain by an ogre

Skill      XL: |  1  2  3  4  5 |
---------------+----------------+-----
Fighting       | 4 |  4.4
Shields        | 4 |  4.9
Armour         | 4 |  4.8
Dodging        | 1 2 |  2.0
Axes           | 3 |  3.7
Throwing       | |  0.8
Stealth        | |  0.1

Action                   |  1- 3 |  4- 6 || total
-------------------------+-------+-------++-------
Melee: War axe           |   103 |    50 ||   153
       Headbutt          |     8 |     6 ||    14
Throw: Stone             |    11 |    11 ||    22
  Use: Scroll            |     8 |     3 ||    11
  Eat: Chunk             |     2 |     3 ||     5
       Beef jerky        |     1 |       ||     1
Armor: Scale mail        |    59 |    27 ||    86
Dodge: Dodged            |    44 |    24 ||    68
Block: Shield            |    76 |    33 ||   109
